 Dungeon Crawl Stone Soup version 0.18.1-48-g4cf74bf (webtiles) character file.

989 tevo3000 the Cudgeler (level 8, -1/46 HPs)
             Began as a Gargoyle Fighter on Aug 29, 2016.
             Slain by an adder (2 damage)
             ... on level 6 of the Dungeon.
             The game lasted 00:26:20 (4671 turns).

tevo3000 the Cudgeler (Gargoyle Fighter)            Turns: 4671, Time: 00:26:21

Health: -1/46      AC: 14    Str: 22    XL:     8   Next: 18%
Magic:  8/8        EV:  6    Int:  7    God:
Gold:   230        SH: 15    Dex:  9    Spells: 0 memorised, 7 levels left

rFire  . . .     SeeInvis +     t - +0 whip (freeze)
rCold  . . .     Gourm    .     b - +0 scale mail
rNeg   + + .     Faith    .     o - +0 large shield
rPois  ∞         Spirit   .     g - +1 helmet (curse)
rElec  +         Dismiss  +     (no cloak)
rCorr  .         Reflect  .     (no gloves)
SustAt .         Harm     .     (no boots)
MR     .....                    e - amulet of dismissal (curse)
Stlth  ..........               p - ring of see invisible
                                h - ring of positive energy

@: not resistant to hostile enchantments, extremely unstealthy
A: fangs 1, blink, dopey 1, negative energy resistance 1, electricity
resistance, unbreathing, petrification resistance, rot immunity, AC +5
a: Blink


You were on level 6 of the Dungeon.
You were very full.

You visited 1 branch of the dungeon, and saw 6 of its levels.
You also visited: Sewer.

You collected 230 gold pieces.

Inventory:

Hand Weapons
 a - a +0 flail
 t - a +0 whip of freezing (weapon)
Armour
 b - a +0 scale mail (worn)
 g - a cursed +1 helmet (worn)
 o - a +0 large shield (worn)
Jewellery
 e - a cursed amulet of dismissal (around neck)
 h - a ring of positive energy (left hand)
 p - a ring of see invisible (right hand)
Scrolls
 c - 2 scrolls of fear {unknown}
 d - 2 scrolls of identify
 j - 2 scrolls of teleportation
 k - 3 scrolls of fog {unknown}
 m - 3 scrolls of immolation
 s - a scroll of enchant weapon {unknown}
 v - a scroll of remove curse {unknown}
 y - a scroll of blinking {unknown}
 z - a scroll of noise {unknown}
Potions
 i - 2 potions of flight
Comestibles
 f - 2 bread rations
 l - 2 beef jerkies
 n - a meat ration


   Skills:
 - Level 3.3 Fighting
 * Level 7.5 Maces & Flails
 - Level 3.2 Armour
 + Level 6.9 Shields


You had 7 spell levels left.
You didn't know any spells.

Dungeon Overview and Level Annotations

Branches:
Dungeon (6/15)
 Temple: D:4-7

Altars:
Ashenzari
Cheibriados
Fedhas
Kikubaaqudgha
Makhleb
Pakellas
Qazlal
Ru
Yredelemnul

Annotations:
D:6 Grinder


Innate Abilities, Weirdness & Mutations

You are resistant to torment.
Your stone body is resilient (AC +5).
You are immune to poison.
You resist negative energy.
You are resistant to electric shocks.
You can survive without breathing.
You are immune to petrification.
You are immune to rotting.
You have very sharp teeth.
You can translocate small distances at will.
You are dopey. (Int -2)


Message History

A hound zombie comes into view.
You barely miss the phantom. You bite the phantom.
The phantom is lightly damaged.
The adder bites you.
* * * LOW HITPOINT WARNING * * *
The adder bites you but does no damage. You block the phantom's attack.
You block the giant frog zombie's attack.
The hound zombie moves out of view.
The wight closely misses you.
Grinder blinks!
The phantom hits you but does no damage.
You block the adder's attack. The adder bites you but does no damage.
The phantom blinks!
Found 15 gold pieces.
You don't have enough health at the moment.
The phantom blinks!
Okay, then.
A crimson imp comes into view.
The crimson imp shouts!
The adder bites you.
You die...

....# ...# ...# ########
5..###### #......#
#........ #......#
#........ #......#
#........
###......#######@.......
#..........gZ.SSZW..###'
#......§....z§......#
#...........z.......'..
#...................###
##......##########...$
#......#...'....#.....
#......#...#....#.....
##$.....##.##.##+# ....


You could see a phantom, 2 wights, a gnoll, a crimson imp, 2 adders, a hound
zombie and a giant frog zombie.

Vanquished Creatures
  The ghost of catlovespin the Caller, an amateur DESu of Vehumet (D:4)
  An ice beast (D:5)
  An ogre (D:3)
  A gnoll sergeant (D:6)
  A scorpion (D:6)
  3 howler monkeys
  A hound (D:4)
  An orc priest (D:4)
  An orc wizard (D:4)
  Terence (D:2)
  An iguana (D:5)
  A worker ant (D:4)
  Ijyb (D:2)
  A howler monkey skeleton (D:4)
  8 gnolls
  10 adders
  An ooze (D:4)
  4 worms
  A dart slug (D:3)
  5 giant geckos
  3 orcs (D:4)
  5 ball pythons
  8 giant cockroaches
  15 goblins
  13 hobgoblins
  6 jackals
  2 kobolds
  2 quokkas
  5 bats
  A giant gecko skeleton (D:5)
  7 giant newts
  8 rats
120 creatures vanquished.

Notes
Turn   | Place    | Note
--------------------------------------------------------------
     0 | D:1      | tevo3000 the Gargoyle Fighter began the quest for the Orb.
     0 | D:1      | Reached XP level 1. HP: 14/14 MP: 1/1
    76 | D:1      | Reached XP level 2. HP: 19/19 MP: 2/2
   914 | D:2      | Reached XP level 3. HP: 21/23 MP: 3/3
   932 | D:2      | Noticed Terence
   951 | D:2      | Killed Terence
   951 | D:2      | Reached skill level 3 in Maces & Flails
  1142 | D:2      | Reached XP level 4. HP: 17/28 MP: 4/4
  1398 | D:2      | Noticed Ijyb
  1417 | D:2      | Killed Ijyb
  1417 | D:2      | Reached skill level 4 in Maces & Flails
  1537 | D:2      | Reached XP level 5. HP: 30/32 MP: 5/5
  1811 | D:3      | Noticed an ogre
  1850 | D:3      | Killed an ogre
  1850 | D:3      | Reached skill level 5 in Shields
  2080 | D:3      | Reached XP level 6. HP: 25/37 MP: 6/6
  2525 | D:4      | Reached skill level 5 in Maces & Flails
  2557 | D:4      | Found a glowing drain.
  2577 | Sewer    | Entered a sewer
  3155 | D:4      | Noticed catlovespin's ghost (amateur DESu)
  3182 | D:4      | Killed catlovespin's ghost
  3182 | D:4      | Reached skill level 6 in Maces & Flails
  3182 | D:4      | Reached XP level 7. HP: 40/41 MP: 7/7
  3374 | D:4      | Found a stormy altar of Qazlal.
  3376 | D:4      | Noticed an air elemental
  3377 | D:4      | Noticed a fire elemental
  3377 | D:4      | Noticed a water elemental
  3465 | D:4      | Found a basalt altar of Yredelemnul.
  3527 | D:4      | Found a sacrificial altar of Ru.
  3530 | D:4      | Found a snail-covered altar of Cheibriados.
  3531 | D:4      | Found a burning altar of Makhleb.
  3540 | D:4      | Found an oddly glowing altar of Pakellas.
  3548 | D:4      | Found a shattered altar of Ashenzari.
  3792 | D:5      | Entered Level 5 of the Dungeon
  3933 | D:5      | Found an ancient bone altar of Kikubaaqudgha.
  4106 | D:5      | Found a blossoming altar of Fedhas.
  4369 | D:5      | Reached skill level 7 in Maces & Flails
  4448 | D:6      | Reached XP level 8. HP: 37/46 MP: 8/8
  4550 | D:6      | HP: 1/46 [wight/halberd of freezing (2)]
  4584 | D:6      | Gained mutation: You have very sharp teeth. [potion of mutation]
  4584 | D:6      | Gained mutation: You are dopey. (Int -2) [potion of mutation]
  4584 | D:6      | Gained mutation: You can translocate small distances at will. [potion of mutation]
  4647 | D:6      | Noticed Grinder
  4666 | D:6      | HP: 1/46 [giant frog zombie (4)]
  4671 | D:6      | Slain by an adder

Skill      XL: |  1  2  3  4  5  6  7 |
---------------+----------------------+-----
Maces & Flails | 3 4 6 7 |  7.5
Shields        | 4 5 6 |  6.9
Fighting       | |  3.3
Armour         | |  3.2

Action                   |  1- 3 |  4- 6 |  7- 9 || total
-------------------------+-------+-------+-------++-------
Melee: Flail             |   132 |   344 |       ||   476
       Whip              |       |    27 |   292 ||   319
       Bite              |       |       |     1 ||     1
 Abil: Blink             |       |       |     1 ||     1
  Use: Potion            |     4 |     1 |     5 ||    10
       Scroll            |     2 |     4 |       ||     6
  Eat: Meat ration       |     1 |     1 |       ||     2
       Bread ration      |       |       |     3 ||     3
Armor: Scale mail        |   114 |   229 |   105 ||   448
Dodge: Dodged            |    59 |    94 |    27 ||   180
Block: Shield            |   107 |    77 |       ||   184
       Large shield      |       |   232 |   238 ||   470
